 Dungeon Crawl Stone Soup version 0.20-a0-309-gcba9277 (webtiles) character file.

650 gamerape the Sneak (level 7, -2/37 HPs)
             Began as a Vine Stalker Assassin on Dec 18, 2016.
             Slain by Pikel
             ... wielding a +2 whip of flaming
              (6 damage)
             ... on level 4 of the Dungeon.
             The game lasted 00:11:52 (3211 turns).

gamerape the Sneak (Vine Stalker Assassin)          Turns: 3211, Time: 00:11:53

Health: -2/37      AC:  3    Str: 14    XL:     7   Next: 53%
Magic:  0/17       EV: 13    Int: 11    God:
Gold:   86         SH:  0    Dex: 17    Spells: 6/6 levels left

rFire  + . .     SeeInvis .     a - +2 short sword (elec)
rCold  . . .     Gourm    .     c - +0 robe
rNeg   . . .     Faith    .     (no shield)
rPois  .         Spirit   +     (no helmet)
rElec  .         Reflect  .     d - +0 cloak
rCorr  .         Harm     .     (no gloves)
MR     .....                    (no boots)
Stlth  ++++......               (no amulet)
                                u - ring of magical power
                                l - ring of protection from fire

@: no status effects
A: fangs 2, regeneration 1, magic shield, antimagic bite, no device heal 3, rot
immunity
a: no special abilities


You were on level 4 of the Dungeon.
You were not hungry.

You visited 1 branch of the dungeon, and saw 4 of its levels.

You collected 86 gold pieces.

Inventory:

Hand Weapons
 a - a +2 short sword of electrocution (weapon)
 b - a +0 blowgun
 f - a +2 dagger
 m - a +0 dagger of venom
Missiles
 t - 14 poisoned needles
 w - 2 curare-tipped needles
Armour
 c - a +0 robe (worn)
 d - a +0 cloak (worn)
Jewellery
 l - a ring of protection from fire (left hand)
 u - a ring of magical power (right hand)
Scrolls
 h - a scroll of remove curse
 i - a scroll of enchant weapon {unknown}
 j - 3 scrolls of fog {unknown}
 n - a scroll of immolation {unknown}
 o - 3 scrolls of identify {unknown}
 s - 2 scrolls of noise {unknown}
Potions
 k - 2 potions of flight
 q - a potion of might
 v - 2 potions of mutation {unknown}
 z - 2 potions of cure mutation {unknown}
Books
 e - a book of Necromancy

   Spells                             Type                      Level
   a - Pain                           Necromancy                   1
   b - Animate Skeleton               Necromancy                   1
   c - Vampiric Draining              Necromancy                   3
   d - Regeneration                   Charms/Necromancy            3
   e - Animate Dead                   Necromancy                   4
   f - Control Undead                 Necromancy                   4
Comestibles
 g - 3 bread rations
 p - 3 meat rations
 r - a beef jerky
 A - a slice of pizza


   Skills:
 * Level 4.0 Fighting
 + Level 3.9 Short Blades
 + Level 2.2 Throwing
 + Level 2.3 Dodging
 + Level 7.5 Stealth


You had 6 spell levels left.
You didn't know any spells.

Dungeon Overview and Level Annotations

Branches:
Dungeon (4/15)
 Temple: D:4-7

Altars:
Ashenzari
Fedhas
Makhleb

Annotations:
D:4 Nattefrost's ghost, amateur HOAK; Pikel


Innate Abilities, Weirdness & Mutations

You have extremely sharp teeth.
Your natural rate of healing is unusually fast.
When hurt, damage is shared between your health and your magic reserves.
Your bite disrupts and absorbs the magic of your enemies.
Potions and wands cannot restore your health.
You are immune to rotting.


Message History

You feel invigorated.
Pikel is heavily wounded.
You hit Pikel but do no damage.
Pikel is heavily wounded.
Pikel hits you with a whip of flaming. The slave hits you!
You barely miss Pikel. You bite Pikel. You drain his power.
You feel invigorated.
Pikel is severely wounded.
The slave hits you. Pikel barely misses you.
You hit Pikel but do no damage. You bite Pikel, but do no damage.
Pikel is severely wounded.
The slave hits you!
* * * LOW HITPOINT WARNING * * *
Pikel hits you but does no damage.
You hit Pikel but do no damage.
Pikel is severely wounded.
The slave hits you!
* * * LOW HITPOINT WARNING * * *
Pikel hits you with a whip of flaming!
You die...

.......##.##.......##
#.....# #..#......##
###.## ##.##....## ##
#..##.### ##W####
#pp# ##p## #pK# ##@#
###


You could see Pikel, 4 slaves and Nattefrost's ghost.

Vanquished Creatures
  Sigmund (D:3)
  A phantom (D:3)
  2 hounds
  An orc priest (D:4)
  An orc wizard (D:4)
  Ijyb (D:2)
  Natasha (D:3)
  A worker ant (D:4)
  4 gnolls (D:2)
  9 adders
  2 oozes
  2 worms (D:2)
  2 dart slugs (D:1)
  3 leopard geckos
  10 orcs
  A ball python (D:1)
  5 giant cockroaches
  2 goblins
  6 hobgoblins
  3 jackals (D:4)
  6 kobolds
  6 bats
  7 frilled lizards
  A jackal skeleton (D:4)
  9 rats
87 creatures vanquished.

Notes
Turn   | Place    | Note
-------+----------+-------------------------------------------
     0 | D:1      | gamerape the Vine Stalker Assassin began the quest for the Orb.
     0 | D:1      | Reached XP level 1. HP: 11/11 MP: 2/2
    80 | D:1      | Reached skill level 5 in Stealth
   113 | D:1      | Reached XP level 2. HP: 9/15 MP: 1/3
   141 | D:1      | Found a shattered altar of Ashenzari.
   310 | D:1      | Reached XP level 3. HP: 9/18 MP: 4/4
   610 | D:2      | Found a blossoming altar of Fedhas.
   839 | D:2      | Reached skill level 6 in Stealth
   839 | D:2      | Gained mutation: Your natural rate of healing is unusually fast. [Vine Stalker growth]
   839 | D:2      | Reached XP level 4. HP: 15/23 MP: 3/5
   900 | D:2      | Reached skill level 1 in Dodging
  1220 | D:2      | Reached XP level 5. HP: 25/26 MP: 6/6
  1320 | D:2      | Found a burning altar of Makhleb.
  1672 | D:3      | Noticed Sigmund
  1681 | D:3      | Noticed a phantom
  2120 | D:3      | Noticed Ijyb
  2175 | D:2      | Killed Ijyb
  2175 | D:2      | Reached XP level 6. HP: 9/32 MP: 7/7
  2186 | D:2      | HP: 1/32 [poisoned by Ijyb]
  2191 | D:2      | HP: 1/32 [poisoned by Ijyb]
  2198 | D:2      | HP: 1/32 [poisoned by Ijyb]
  2301 | D:3      | Killed a phantom
  2301 | D:3      | Reached skill level 7 in Stealth
  2379 | D:3      | Killed Sigmund
  2379 | D:3      | Reached XP level 7. HP: 24/36 MP: 8/8
  2844 | D:4      | Noticed Natasha
  2852 | D:3      | Killed Natasha
  3111 | D:4      | Noticed Nattefrost's ghost (amateur HOAK)
  3188 | D:4      | Noticed Pikel
  3211 | D:4      | Slain by Pikel

Vault maps used:
D:1:      lightli_arrival_quake, ashenzari_altar_1
D:2:      makhleb_blood_cavern_becter, first_bread, fedhas_altar_1
D:3:      uniq_iyjb, uniq_sigmund
D:4:      serial_park_tiny_2, minmay_misc_feat_enclosed, uniq_duvessa,
          uniq_pikel, uniq_natasha

Skill      XL: |  1  2  3  4  5  6  7 |
---------------+----------------------+-----
Stealth        | 5 6 7 |  7.5
Short Blades   | 2 3 |  3.9
Fighting       | 2 3 4 |  4.0
Dodging        | 1 2 |  2.3
Throwing       | 2 |  2.2

Action                   |  1- 3 |  4- 6 |  7- 9 || total
-------------------------+-------+-------+-------++-------
Melee: Dagger            |    79 |   126 |    14 ||   219
       Bite              |    20 |    33 |    23 ||    76
       Short sword       |       |       |    71 ||    71
 Fire: Blowgun           |       |    13 |       ||    13
  Use: Potion            |       |     4 |       ||     4
       Scroll            |       |     1 |       ||     1
 Stab: Sleeping          |     6 |     8 |     2 ||    16
       Distracted        |     1 |       |       ||     1
  Eat: Chunk             |       |     5 |     2 ||     7
Armor: Robe              |    15 |    21 |    13 ||    49
Dodge: Dodged            |    38 |    75 |    52 ||   165
